 Dungeon Crawl Stone Soup version 0.24-a0-584-g9d6b971ae4 (webtiles) character file.

Game seed: 3224856430285143147, levelgen mode: deterministic

2 Mithandil the Shield-Bearer (level 1, -2/19 HPs)
             Began as a Minotaur Fighter on Sept 2, 2019.
             Slain by a gnoll
             ... wielding a +0 halberd
              (9 damage)
             ... on level 1 of the Dungeon.
             The game lasted 00:00:58 (204 turns).

Mithandil the Shield-Bearer (Minotaur Fighter)       Turns: 204, Time: 00:00:59

Health: -2/19      AC:  6    Str: 20    XL:     1   Next: 33%
Magic:  0/0        EV:  7    Int:  5    God:
Gold:   8          SH:  9    Dex:  9    Spells: 0/0 levels left

rFire    . . .     SeeInvis .   a - +0 long sword
rCold    . . .     Gourm    .   c - +0 shield
rNeg     . . .     Faith    .   b - +0 scale mail
rPois    .         Spirit   .   (helmet restricted)
rElec    .         Reflect  .   (no cloak)
rCorr    .         Harm     .   (no gloves)
MR       .....                  (no boots)
Stlth    ..........             (no amulet)
HPRegen  0.06/turn              (no ring)
MPRegen  0.07/turn              (no ring)

@: no status effects
A: retaliatory headbutt, horns 2
a: no special abilities


You were on level 1 of the Dungeon.
You were not hungry.

You visited 1 branch of the dungeon, and saw 2 of its levels.

You collected 8 gold pieces.

Inventory:

Hand Weapons
 a - a +0 long sword (weapon)
Missiles
 e - 19 stones (quivered)
 i - 17 poisoned darts
Armour
 b - a +0 scale mail (worn)
 c - a +0 shield (worn)
Potions
 d - a potion of might
 h - a potion of ambrosia
Comestibles
 f - 3 rations
 g - a chunk of flesh


   Skills:
 + Level 3.6 Fighting
 * Level 2.5 Long Blades
 + Level 3.6 Armour
 + Level 0.0 Dodging
 * Level 3.7 Shields


You couldn't memorise any spells.
You didn't know any spells.
Your spell library was empty.

Dungeon Overview and Level Annotations

Branches:
Dungeon (2/15)

Altars:


Innate Abilities, Weirdness & Mutations

You reflexively headbutt those who attack you in melee.
You have a pair of horns on your head.


Message History

The rat bites you but does no damage. The bat hits you but does no damage.
You block the gnoll's attack.
Your scale mail prevents you from hitting the rat.
You headbutt the rat.
You kill the rat!
You block the bat's attack. You block the gnoll's attack.
You block the bat's attack. The bat hits you but does no damage.
You see here a rat corpse.
You barely miss the gnoll. You headbutt the gnoll.
The gnoll is moderately wounded.
The bat hits you but does no damage. x2; The gnoll barely misses you.
The gnoll hits you with a +0 halberd.
You closely miss the gnoll.
The gnoll is moderately wounded.
The bat hits you but does no damage. The gnoll hits you with a +0 halberd.
Your shield and scale mail prevent you from hitting the gnoll.
Your headbutt misses the gnoll.
The gnoll is moderately wounded.
The bat hits you but does no damage. The gnoll hits you with a +0 halberd!
You die...

##.......##
#.........##
+.........'
#.........# #.......#
#.....# #...# #g# #@#
.# #####.### ##### .#
#.....b.# .... ..
#.##....##..# .# .
#.#........######.##..
#.##........8.....8..
###.##........#.....#
...........#..#..<..#
#........#..#.....#..#


You could see a gnoll and a bat.

Vanquished Creatures
  A hobgoblin (D:1)
  A bat (D:1)
  A rat (D:1)
3 creatures vanquished.

Notes
Turn   | Place    | Note
-------+----------+-------------------------------------------
     0 | D:1      | Mithandil the Minotaur Fighter began the quest for the Orb.
     0 | D:1      | Reached XP level 1. HP: 19/19 MP: 0/0
   204 | D:1      | Slain by a gnoll

Levels and vault maps discovered:
D:1:      scummos_arrival_simple_crosswalls, layout_loops_corners
D:2:      minmay_wonky_spiral, layout_loops_ring,
          nemelex_xobeh_ov_fountains_minmay

Action                   || total
-------------------------++-------
Melee: Long sword        ||    10
       Headbutt          ||     2
  Use: Potion            ||     1
Armor: Scale mail        ||    14
Dodge: Dodged            ||     3
Block: Shield            ||     8
       Rpst.: Long sword ||     1

Table legend:
 A = Non-vault XP
 B = Vault XP
 C = Vault XP percentage of total XP
 D = Non-vault monster count
 E = Vault monster count
 F = Vault count percentage of total count
                 A         B        C        D         E       F
            +---------+---------+-------+---------+---------+-------
      Total |       4 |       0 |   0.0 |       3 |       0 |   0.0
            +---------+---------+-------+---------+---------+-------
        D:1 |       4 |       0 |   0.0 |       3 |       0 |   0.0
            +---------+---------+-------+---------+---------+-------
